 Dungeon Crawl Stone Soup version 0.28.0-45-g0d030f2227 (webtiles) character file.

Game seed: 15968498273259286457

33 Kangaroobicon the Sneak (level 3, 0/35 HPs)
             Began as a Troll Brigand on Apr 15, 2022.
             Slain by Terence
             ... wielding a +4 hand axe of flaming
              (6 damage)
             ... on level 2 of the Dungeon.
             The game lasted 00:07:33 (728 turns).

Kangaroobicon the Sneak (Troll Brigand)              Turns: 728, Time: 00:07:34

Health: 0/35       AC:  5    Str: 25    XL:     3   Next: 12%
Magic:  2/2        EV:  9    Int:  7    God:
Gold:   50         SH:  0    Dex: 13    Spells: 2/2 levels left

rFire   . . .      SeeInvis .   a - +2 dagger
rCold   . . .      Faith    .   (no shield)
rNeg    . . .      Spirit   .   b - +0 robe
rPois   .          Reflect  .   (helmet restricted)
rElec   .          Harm     .   c - +0 cloak
rCorr   .          Rampage  .   (gloves unavailable)
Will    .....                   (boots unavailable)
Stlth   ++........              (no amulet)
HPRegen 0.91/turn               j - +6 ring of strength
MPRegen 0.08/turn               (no ring)

@: no status effects
A: large, unfitting armour, claws 3, regeneration 1, shaggy fur 1, tough skin 1
a: no special abilities


You were on level 2 of the Dungeon.
You visited 1 branch of the dungeon, and saw 2 of its levels.

You collected 50 gold pieces.

Inventory:

Hand Weapons
 a - a +2 dagger (weapon)
Missiles
 d - 8 poisoned darts (quivered)
 e - 2 curare-tipped darts
 f - 26 arrows
 i - 12 stones
 m - 21 sling bullets
Armour
 b - a +0 robe (worn)
 c - a +0 cloak (worn)
 h - a +0 kite shield
Jewellery
 j - a +6 ring of strength (left claw)
Scrolls
 n - a scroll of teleportation {unknown}
Potions
 g - 2 potions of brilliance {unknown}
 k - a potion of lignification {unknown}
 l - a potion of invisibility {unknown}


   Skills:
 * Level 1.7 Fighting
 * Level 1.9 Short Blades
 * Level 1.9 Throwing
 * Level 0.2 Armour
 * Level 1.0 Dodging
 + Level 2.5 Stealth
 * Level 0.3 Shields


You had 2 spell levels left.
You didn't know any spells.
Your spell library was empty.

Dungeon Overview and Level Annotations

Branches:
Dungeon (2/15)

Altars:
Fedhas

Shops:
D:1 [

Annotations:
D:2 Terence


Innate Abilities, Weirdness & Mutations

You are too large for most types of armour.
You have claws for hands.
Your natural rate of healing is unusually fast.
You are covered in fur. (AC +1)
You have tough skin. (AC +1)


Message History

Terence hits you with a +4 hand axe of flaming.
Terence burns you.
You puncture Terence!
Terence is heavily wounded.
Terence hits you with a +4 hand axe of flaming.
Terence burns you.
You hit Terence but do no damage. You claw Terence, but do no damage.
Terence is heavily wounded.
Terence hits you with a +4 hand axe of flaming.
Terence burns you.
You hit Terence but do no damage. You claw Terence, but do no damage.
Terence is moderately wounded.
Terence hits you with a +4 hand axe of flaming.
Terence burns you.
You hit Terence but do no damage.
Terence is moderately wounded.
You barely miss Terence.
Terence is moderately wounded.
Terence hits you with a +4 hand axe of flaming!
Terence burns you.
* * * LOW HITPOINT WARNING * * *
You hit Terence.
Terence is severely wounded.
Terence barely misses you.
You hit Terence.
Terence is severely wounded.
Terence hits you with a +4 hand axe of flaming!
* * * LOW HITPOINT WARNING * * *
Terence burns you.
* * * LOW HITPOINT WARNING * * *
You hit Terence but do no damage.
Terence is severely wounded.
Terence closely misses you.
You hit Terence.
Terence is severely wounded.
Terence closely misses you.
You hit Terence but do no damage.
Terence is severely wounded.
Terence hits you with a +4 hand axe of flaming.
You die...

....##...[.....######
###.......)............
#..###........#######
#.............# #
###........# #.......##
#.###..#...##
#........<##
#####.@#### #..@......
##.####### #.. ###


You could see Terence.

Vanquished Creatures
  An adder (D:2)
  2 ball pythons (D:1)
  5 endoplasms (D:1)
  2 giant cockroaches (D:1)
  4 hobgoblins (D:1)
  A bat (D:1)
  A frilled lizard (D:1)
  A goblin (D:1)
  A kobold (D:1)
  5 rats (D:1)
23 creatures vanquished.

Notes
Turn   | Place    | Note
-------+----------+-------------------------------------------
     0 | D:1      | Kangaroobicon the Troll Brigand began the quest for the
                  | Orb.
     0 | D:1      | Reached XP level 1. HP: 19/19 MP: 0/0
    31 | D:1      | Found a faded altar of an unknown god.
    70 | D:1      | Found Qeogyhan's Armour Shop.
   196 | D:1      | Reached XP level 2. HP: 27/27 MP: 1/1
   686 | D:2      | Found a blossoming altar of Fedhas.
   712 | D:2      | Noticed Terence
   717 | D:2      | Reached skill level 1 in Dodging
   717 | D:2      | Reached XP level 3. HP: 33/35 MP: 2/2
   728 | D:2      | Slain by Terence

Illustrated notes

Levels and vault maps discovered:
D:1:      dpeg_arrival_chambers_temple_mockup, layout_basic,
          basic_ecumenical_altar, serial_shops, nicolae_shop_hallway_plus
D:2:      layout_loops_ring, basic_altar, grunt_ministairs_15, uniq_terence

Skill      XL: |  1  2 |
---------------+-------+-----
Dodging        | 1 |  1.0
Fighting       | |  1.7
Short Blades   | |  1.9
Throwing       | |  1.9
Armour         | |  0.2
Stealth        | |  2.5
Shields        | |  0.3

Action                   || total
-------------------------++-------
Melee: Dagger            ||    74
       Punch             ||     3
 Stab: Sleeping          ||     4
Armor: Robe              ||    26
Dodge: Dodged            ||    24
